 Dungeon Crawl Stone Soup version 0.29-a0-397-g846e4a0bbc (webtiles) character file.

Game seed: 17218268901782976210

70 Hibirik the Chopper (level 4, 0/40 HPs)
             Began as a Hill Orc Berserker on May 12, 2022.
             Was a Believer of Trog.
             Slain by a jelly (2 damage)
             ... on level 3 of the Dungeon.
             The game lasted 00:38:56 (3498 turns).

Hibirik the Chopper (Hill Orc Berserker)            Turns: 3498, Time: 00:38:56

Health: 0/40       AC:  1    Str: 21    XL:     4   Next: 22%
Magic:  0/4        EV: 11    Int:  7    God:    Trog [**....]
Gold:   92         SH:  0    Dex: 10    Spells: 3/3 levels left

rFire   . . .      SeeInvis .   f - +0 long sword
rCold   . . .      Faith    .   h - orb {guile}
rNeg    . . .      Spirit   +   q - +0 ring mail
rPois   +          Reflect  .   (no helmet)
rElec   .          Harm     .   (no cloak)
rCorr   .          Rampage  .   (no gloves)
Will    .....                   (no boots)
Stlth   +.........              v - amulet of guardian spirit
HPRegen 0.13/turn               o - ring of poison resistance
MPRegen 0.09/turn               (no ring)

@: corroded
A: no striking features
a: Renounce Religion, Berserk, Trog's Hand


You were on level 3 of the Dungeon.
You worshipped Trog.
Trog was pleased with you.
You visited 1 branch of the dungeon, and saw 4 of its levels.

You collected 92 gold pieces.

Inventory:

Hand Weapons
 a - a +0 hand axe
 c - a +0 club
 d - a +0 short sword
 f - a +0 long sword (weapon)
 g - a +0 club
 i - a +0 club
 k - a +0 dagger
 l - a +0 dagger
 n - a +0 club
 r - a +0 dagger
 s - a +0 whip
 u - a +0 dagger
 w - a +0 club
 D - a +0 club
 E - a +0 club
 F - a +0 hand axe
 H - a +0 hand crossbow
 I - a +0 club
Missiles
 y - 4 poisoned darts (quivered)
 z - 27 stones
Armour
 b - a +0 animal skin
 h - an orb of guile (worn)
 q - a +0 ring mail (worn)
 A - a +0 leather armour
 B - a +2 robe of fire resistance
 C - a +0 leather armour
 L - a +0 ring mail
Jewellery
 o - a ring of poison resistance (left hand)
 v - an amulet of guardian spirit (around neck)
Scrolls
 p - 5 scrolls of identify
 x - a scroll of immolation {unknown}
Potions
 e - a potion of degeneration {unknown}
 J - 2 potions of brilliance {unknown}
 K - a potion of haste {unknown}


   Skills:
 + Level 3.7 Fighting
 + Level 1.7 Long Blades
 + Level 5.0 Axes
 + Level 0.7 Throwing
 + Level 2.5 Armour
 + Level 1.9 Dodging
 + Level 0.3 Stealth


You had 3 spell levels left.
You didn't know any spells.
Your spell library contained the following spells:

 Spells                   Type           Power      Damage    Failure   Level
 Stone Arrow              Conj/Erth      0%         3d7       92%         3
 Animate Armour           Summ/Erth      0%         N/A       100%        4
 Lehudib's Crystal Spear  Conj/Erth      0%         10d2      100%        8


Dungeon Overview and Level Annotations

Branches:
Dungeon (4/15)
 Temple: D:4-7

Altars:
Vehumet


Message History

You closely miss the quokka.
The quokka is heavily wounded.
The quokka bites you. The quokka barely misses you.
You hit the quokka.
The quokka is almost dead.
The quokka bites you but does no damage.
You closely miss the quokka.
The quokka is almost dead.
The quokka barely misses you. The quokka completely misses you.
You completely miss the quokka.
The quokka is almost dead.
The quokka bites you.
You closely miss the quokka.
The quokka is severely wounded.
The quokka barely misses you. The quokka closely misses you.
You hit the quokka.
You kill the quokka!
Trog accepts your kill.
Magic restored.
There is an open door here.
A jelly comes into view.
The jelly quivers.
The jelly attacks as you move away! The jelly closely misses you.
The jelly barely misses you. The jelly attacks as you move away!
The jelly barely misses you.
There is an open door here.
There is a stone staircase leading up here.
The jelly hits you but does no damage.
You climb upwards.
There is a stone staircase leading down here.
The jelly hits you.
You are splashed with acid!
* * * LOW HITPOINT WARNING * * *
The jelly attacks as you move away! The jelly closely misses you.
The jelly attacks as you move away! The jelly hits you.
* * * LOW HITPOINT WARNING * * *
The acid corrodes you!
You are splashed with acid!
* * * LOW HITPOINT WARNING * * *
As you read the scroll of fog, it crumbles to dust.
The scroll dissolves into smoke.
The jelly hits you.
You die...

#### ######## ###### #### ####
##......# #.. ..##≈≈#####.≈≈#
#.......# #.# #...≈≈≈≈≈≈≈..#
#.......#####.####§...≈≈≈≈≈≈≈.#
#.............§J@§§...####.≈≈#
.....^.>#.###.####§.÷....##≈≈#
#..........##.####..##....#≈≈#
#...........#.......##....#≈≈#
#..........#######........#≈≈###
#########.## #.......##...≈≈##
#.# #.########....≈## #<# #.#
##...### +# #.# ##...#


You could see a jelly.

Vanquished Creatures
  2 worms (D:3)
  A dart slug (D:1)
  2 orcs (D:3)
  8 endoplasms
  2 giant cockroaches (D:1)
  5 goblins
  10 hobgoblins
  5 kobolds
  3 quokkas
  6 ball pythons
  3 bats
  A frilled lizard (D:1)
  4 rats
52 creatures vanquished.

Notes
Turn   | Place    | Note
-------+----------+-------------------------------------------
     0 | D:1      | Hibirik the Hill Orc Berserker began the quest for the Orb.
     0 | D:1      | Reached XP level 1. HP: 19/19 MP: 1/1
   205 | D:1      | Reached XP level 2. HP: 2/26 MP: 2/2
   764 | D:1      | Reached skill level 5 in Axes
   764 | D:1      | Reached XP level 3. HP: 26/33 MP: 3/3
  1934 | D:2      | Found a faded altar of an unknown god.
  1949 | D:2      | Reached skill level 1 in Long Blades
  2217 | D:2      | Reached ** piety under Trog
  2702 | D:3      | Reached XP level 4. HP: 19/40 MP: 4/4
  2964 | D:3      | Found a radiant altar of Vehumet.
  3495 | D:3      | HP: 1/40 [acid (7)]
  3498 | D:3      | Slain by a jelly

Illustrated notes

Levels and vault maps discovered:
D:1:      minmay_arrival_widening_spiral_wide, layout_loops_ring
D:2:      layout_loops_corners, ebering_ecumenical_altar_webs, basic_altar
D:3:      layout_loops_corners, lemuel_round_altar, cheibrodos_sewer_entry_bend
D:4:      layout_basic, gammafunk_temple_overflow_elements,
          minmay_temple_entry_from_below_a

Skill      XL: |  1  2  3 |
---------------+----------+-----
Axes           | 5 |  5.0
Long Blades    | 1 |  1.7
Fighting       | |  3.7
Throwing       | |  0.7
Armour         | |  2.5
Dodging        | |  1.9
Stealth        | |  0.3

Action                   |  1- 3 |  4- 6 || total
-------------------------+-------+-------++-------
Melee: Long sword        |   120 |    59 ||   179
       Hand axe          |     2 |       ||     2
       Punch             |     1 |       ||     1
Throw: Dart              |    27 |     6 ||    33
       Stone             |    20 |       ||    20
Invok: Berserk           |     2 |       ||     2
  Use: Scroll            |     3 |     3 ||     6
       Potion            |     1 |     1 ||     2
 Stab: Sleeping          |     1 |       ||     1
Armor: Animal skin       |     8 |       ||     8
       Ring mail         |    34 |    16 ||    50
Dodge: Dodged            |    80 |    31 ||   111

Table legend: (Time is in decaauts)
 A = Elapsed time spent in this place.
 B = Non-inter-level travel time spent in this place.
 C = Inter-level travel time spent in this place.
 D = Time resting spent in this place.
 E = Time spent auto-exploring this place.
 F = Levels seen in this place.
 G = Mean time per level.
                   A        B        C        D        E       F      G
               +--------+--------+--------+--------+--------+-----+--------+
         Total |   3591 |   1576 |   2015 |    100 |     72 |   4 |  897.8 |
       Dungeon |   3591 |   1576 |   2015 |    100 |     72 |   4 |  897.8 |
               +--------+--------+--------+--------+--------+-----+--------+

Top non-repeatable levels by time:
     D:2: 1186 daAuts
     D:1: 1175 daAuts
     D:3: 1147 daAuts
     D:4: 81 daAuts
